 Dungeon Crawl Stone Soup version 0.30-a0-1074-g5db6f66fbb (webtiles) character file.

Game seed: 9173515062556641782

4057 bmack86 the Cleaver (level 10, -10/88 HPs)
             Began as a Minotaur Fighter on Apr 13, 2023.
             Was a Priest of Okawaru.
             Killed from afar by Erica (22 damage)
             ... with a bolt of poison
             ... on level 8 of the Dungeon on Apr 14, 2023.
             The game lasted 00:24:37 (7794 turns).

bmack86 the Cleaver (Minotaur Fighter)              Turns: 7794, Time: 00:24:37

Health: -10/88     AC: 15    Str: 25    XL:     10   Next: 4%
Magic:  12/12      EV:  8    Int:  5    God:    Okawaru [***...]
Gold:   450        SH: 10    Dex: 10    Spells: 9/9 levels left

rFire   . . .      SeeInvis +    a - +0 war axe
rCold   . . .      Faith    .    c - +0 buckler
rNeg    . . .      Spirit   .    n - +0 chain mail
rPois   .          Reflect  +    J - +1 hat
rElec   .          Rampage  .    (no cloak)
rCorr   .                        (no gloves)
Will    .....                    (no boots) Stlth
                                 G - amulet of reflection
HPRegen 0.34/turn                E - ring of see invisible
MPRegen 0.13/turn                I - +4 ring of protection

@: lethally poisoned (-10 -> -25), slowed, studying Maces & Flails, very slow
A: horns 2, retaliatory headbutt
a: Renounce Religion, Heroism


You were on level 8 of the Dungeon.
You worshipped Okawaru.
Okawaru was most pleased with you.
You visited 2 branches of the dungeon, and saw 9 of its levels.
You also visited: Sewer and Ossuary.

You collected 450 gold pieces.

Inventory:

Hand Weapons
 a - a +0 war axe (weapon)
 g - a +0 war axe
Missiles
 m - 11 poisoned darts
 p - 3 boomerangs (quivered)
 B - 4 curare-tipped darts
Armour
 b - a +0 scale mail
 c - a +0 buckler (worn)
 n - a +0 chain mail (worn)
 v - a +1 tower shield
 J - a +1 hat (worn)
Jewellery
 h - an amulet of guardian spirit
 l - a +4 ring of slaying
 E - a ring of see invisible (left hand)
 G - an amulet of reflection (around neck)
 I - a +4 ring of protection (right hand)
 M - an amulet of faith
Wands
 y - a wand of flame (8)
 L - a wand of iceblast (10)
 O - a wand of polymorph (7)
Scrolls
 f - 2 scrolls of fog
 i - 4 scrolls of teleportation
 u - a scroll of blinking
 w - 3 scrolls of vulnerability
 z - a scroll of magic mapping
 A - 2 scrolls of fear
 C - a scroll of enchant weapon
 D - a scroll of amnesia
 N - a scroll of poison {unknown}
Potions
 d - 3 potions of might
 e - 2 potions of lignification
 j - 2 potions of brilliance
 k - 3 potions of heal wounds
 o - 3 potions of ambrosia
 q - 3 potions of flight
 r - 2 potions of berserk rage
 s - a potion of haste {unknown}
 t - 3 potions of curing
 x - 2 potions of invisibility
 F - a potion of attraction {unknown}
 H - a potion of cancellation {unknown}
 K - 2 potions of mutation {unknown}


   Skills:
 + Level 7.9 Fighting
 * Level 10.4 Axes
 + Level 4.0 Throwing
 + Level 7.9 Armour
 + Level 8.0 Shields
 + Level 4.0 Invocations


You had 9 spell levels left.
You didn't know any spells.
Your spell library contained the following spells:

 Spells                   Type           Power      Damage    Failure   Level
 Apportation              Tloc           0%         N/A       96%         1
 Necrotise                Necr           0%         1d4       96%         1
 Hailstorm                Conj/Ice       0%         3d3       100%        3
 Anguish                  Hex/Necr       0%         N/A       100%        4
 Cause Fear               Hex            0%         N/A       100%        4
 Ice Form                 Ice/Tmut       0%         N/A       100%        4
 Enfeeble                 Hex            0%         N/A       100%        7
 Summon Small Mammal      Summ           Unusable   N/A       N/A         1
 Simulacrum               Ice/Necr       Unusable   N/A       N/A         6

Dungeon Overview and Level Annotations

Branches:
Dungeon (8/15)             Temple (1/1) D:5           Sewer (visited)
Ossuary (visited)
   Lair: D:8-11

Altars:
Ashenzari
Cheibriados
Dithmenos
Elyvilon
Fedhas
Gozag
Hepliaklqana
Kikubaaqudgha
Makhleb
Nemelex Xobeh
Okawaru
Trog
Uskayaw
Vehumet
Wu Jian
Xom
Yredelemnul
Zin
The Shining One

Annotations:
D:4 2 runed translucent doors, Maxmaps's ghost, amateur DsMo
D:8 Erica


Innate Abilities, Weirdness & Mutations

You have a pair of horns on your head.
You reflexively headbutt those who attack you in melee.


Message History

Erica hits you with a +3 scimitar of flaming.
Erica burns you. You block Erica's attack.
You see here a wand of light (5).
You hit Erica but do no damage.
Erica is heavily wounded.
Erica casts a spell.
Erica flickers and vanishes!
Deactivating autopickup; reactivate with Ctrl-A.
You slash something! Your headbutt misses something. Something hits you!
Something burns you. Something hits you. Something burns you.
You slash something! Your headbutt misses something. Something hits you.
Something burns you.
You closely miss something. Something hits you!
* * * LOW HITPOINT WARNING * * *
Something burns you.
* * * LOW HITPOINT WARNING * * *
Something hits you!
* * * LOW HITPOINT WARNING * * *
Something burns you.
* * * LOW HITPOINT WARNING * * *
You're wearing all the rings you can.
Remove which one? (? for menu, Esc to cancel) < or
l - a +4 ring of slaying; > or
I - a +4 ring of protection You remove your +4 ring of slaying.
You hear some strange, mumbled words.
A bolt of poison appears from out of thin air!
The bolt of poison misses you.
Reactivating autopickup.
E - a ring of see invisible (left hand)
You hit Erica. Your headbutt misses Erica.
Erica is almost dead.
Erica hits you but does no damage. Erica casts a spell at you.
You feel as though you will be slow longer.
You barely miss Erica. Your headbutt misses Erica.
Erica is almost dead.
Erica gestures at you while chanting. The bolt of poison hits you!!
You are lethally poisoned!
You die...

#.# #<............# #.#
########......# #.##
##.#....#### #..#
####..........#######
##.#
#...................#
#.###
#.##..........#####.#
#...# # ##.#....#### #.#
##...### ####.###.##...#
#.#
.......###.$...@@.##...#
#.#
...........##.#######.##
#.# .......### #.# #.#
.#...### #.#########.#
...<.# #####...........#
.#.###
........!..#####... ##.#
.#########.# ###.#
##>####### #.# ##.#.#
.......... #.# #.....


You could see Erica (empowered, invisible).

Vanquished Creatures
  Joseph (D:8)
  Sigmund (D:5)
  Eustachio (D:5)
  Menkaure (D:6)
  An acid dragon (D:7)
  An ice beast (D:6)
  An orc warrior (D:8)
  2 black bears
  3 ogres (D:6)
  A phantom (D:7)
  2 elf zombies (Ossuary)
  7 bullfrogs
  5 scorpions
  3 killer bees (D:8)
  4 howler monkeys
  An electric eel (D:7)
  A lava snake (D:7)
  A human zombie (Ossuary)
  4 jellies
  6 orc priests
  A gnoll bouda (D:6)
  4 hounds
  A sleepcap (D:6)
  4 iguanas
  6 orc wizards
  3 mummies (Ossuary)
  9 gnolls
  12 adders
  2 shadow imps
  2 white imps
  5 adder zombies (Ossuary)
  5 worms (D:3)
  3 dart slugs
  32 orcs
  16 endoplasms
  9 giant cockroaches
  2 gnoll zombies (Ossuary)
  5 goblins
  10 hobgoblins
  6 jackals
  7 kobolds
  22 quokkas
  18 ball pythons
  5 bats
  10 frilled lizards
  4 goblin zombies (Ossuary)
  A hobgoblin zombie (Ossuary)
  A jackal zombie (Ossuary)
  9 kobold zombies (Ossuary)
  2 orc zombies (Ossuary)
  3 quokka zombies (Ossuary)
  6 rats
  4 rat zombies (Ossuary)
276 creatures vanquished.

Vanquished Creatures (others)
  5 fungi (D:5)
  A plant (D:5)
6 creatures vanquished.

Grand Total: 282 creatures vanquished

Notes
Turn   | Place    | Note
-------+----------+-------------------------------------------
     0 | D:1      | bmack86 the Minotaur Fighter began the quest for the Orb.
     0 | D:1      | Reached XP level 1. HP: 19/19 MP: 0/0
   124 | D:1      | Reached XP level 2. HP: 27/27 MP: 1/1
   139 | D:1      | Reached skill level 3 in Axes
   256 | D:1      | Reached XP level 3. HP: 26/33 MP: 2/2
   885 | D:2      | Reached XP level 4. HP: 40/40 MP: 1/3
  1123 | D:2      | Found a faded altar of an unknown god.
  1310 | D:3      | Reached skill level 4 in Axes
  1444 | D:3      | Found an opulent altar of Gozag.
  1487 | D:3      | Found a snail-covered altar of Cheibriados.
  1748 | D:3      | Found a glowing drain.
  1761 | Sewer    | Entered a sewer
  1828 | Sewer    | Reached XP level 5. HP: 45/47 MP: 4/4
  2013 | Sewer    | Reached skill level 5 in Axes
  2032 | Sewer    | Reached XP level 6. HP: 52/55 MP: 5/5
  2744 | D:4      | Reached skill level 5 in Armour
  2744 | D:4      | Reached skill level 5 in Shields
  2799 | D:4      | Reached skill level 5 in Fighting
  2889 | D:4      | Found a hazy altar of Hepliaklqana.
  2989 | D:4      | Reached skill level 6 in Axes
  3092 | D:4      | Identified the +3 leather armour of Uckadite {Rampage Will+
                  | Int-4}
  3123 | D:4      | Found a runed translucent door.
  3128 | D:4      | Noticed Maxmaps's ghost (amateur DsMo)
  3270 | D:4      | Found a runed translucent door.
  3354 | D:4      | Reached XP level 7. HP: 57/61 MP: 6/6
  3477 | D:5      | Entered Level 5 of the Dungeon
  3498 | D:5      | Found a sand-covered staircase.
  3504 | Ossuary  | Entered an ossuary
  3845 | D:5      | Reached skill level 7 in Axes
  4016 | D:5      | Found a staircase to the Ecumenical Temple.
  4036 | Temple   | Entered the Ecumenical Temple
  4067 | Temple   | Became a worshipper of Warmaster Okawaru
  4419 | D:5      | Found a radiant altar of Vehumet.
  4419 | D:5      | Noticed Sigmund
  4426 | D:5      | Killed Sigmund
  4427 | D:5      | Reached XP level 8. HP: 56/70 MP: 7/7
  4431 | D:5      | Reached skill level 1 in Throwing
  4437 | D:5      | Reached skill level 1 in Invocations
  4587 | D:5      | Reached * piety under Okawaru
  4606 | D:5      | Found a blossoming altar of Fedhas.
  4617 | D:5      | Reached skill level 8 in Axes
  4849 | D:5      | Noticed Eustachio
  4854 | D:5      | Killed Eustachio
  5132 | D:6      | Reached XP level 9. HP: 65/78 MP: 9/9
  5178 | D:6      | Reached ** piety under Okawaru
  5236 | D:6      | Reached skill level 9 in Axes
  5716 | D:6      | Found a hide-covered altar of Uskayaw.
  5800 | D:6      | Noticed Menkaure
  5804 | D:6      | Killed Menkaure
  6162 | D:6      | Found a glowing silver altar of Zin.
  6532 | D:7      | Reached *** piety under Okawaru
  6635 | D:7      | Found a basalt altar of Yredelemnul.
  7060 | D:7      | Reached skill level 10 in Axes
  7072 | D:7      | Found a shimmering altar of Xom.
  7158 | D:8      | Noticed Joseph
  7171 | D:8      | Killed Joseph
  7503 | D:8      | Reached XP level 10. HP: 87/88 MP: 11/11
  7723 | D:8      | Found a bloodstained altar of Trog.
  7777 | D:8      | Noticed Erica
  7794 | D:8      | Killed from afar by Erica

Illustrated notes

Levels and vault maps discovered:
D:1:      wheals_arrival_linesprint, layout_rooms, minmay_vboxes
D:2:      minmay_evil_eye, layout_rooms, shapermc_ecumenical_altar_mp_vishouse
D:3:      layout_loops_ring, grunt_gozag_statues, slow_altar_1,
          gup_sewer_entry_bubbles
D:4:      layout_basic, nicolae_hepliaklqana_hazy_memory, ebering_ghost_sewer_f,
          due_unseen_surprise
D:5:      layout_gridville, nicolae_overflow_hidden_temple, fedhas_altar_3,
          nicolae_vehumet_altar_sigil, minmay_temple_entry_arrows,
          lightli_ossuary_entry_decrepit_ruins, roderic_roman_lattice,
          minmay_misc_feat_five, grunt_decor_fettered, uniq_sigmund,
          uniq_eustachio
D:6:      layout_basic, overflow_temple_1_default, overflow_temple_1_default,
          uniq_menkaure
D:7:      layout_rooms, lemuel_crystal_altar, kennysheep_little_box,
          grunt_ministairs_13, nicolae_lava_and_water
D:8:      layout_loops_ring, mainiacjoe_overflow_alcove_2,
          nicolae_straight_to_the_point, uniq_joseph, uniq_erica
Temple:   chequers_temple_sunken

Skill      XL: |  1  2  3  4  5  6  7  8  9 10 |
---------------+-------------------------------+-----
Axes           | 3 4 5 6 7 8 10 | 10.4
Fighting       | 4 5 6 7 |  7.9
Shields        | 4 5 6 8 |  8.0
Armour         | 4 5 6 7 |  7.9
Throwing       | 2 3 4 |  4.0
Invocations    | 2 3 4 |  4.0

Action                     |  1- 3 |  4- 6 |  7- 9 | 10-12 || total
---------------------------+-------+-------+-------+-------++-------
  Melee: War axe           |    85 |   230 |   316 |    30 ||   661
         Headbutt          |    14 |    20 |    56 |     5 ||    95
         Unarmed           |       |       |       |     2 ||     2
  Throw: Boomerang         |       |       |     7 |       ||     7
         Dart              |       |       |     3 |       ||     3
    Use: Scroll            |       |    14 |     8 |       ||    22
 Armour: Scale mail        |    48 |   108 |    89 |       ||   245
         Chain mail        |       |       |    52 |    11 ||    63
  Dodge: Dodged            |    57 |   124 |   115 |     9 ||   305
  Block: Buckler           |    25 |    84 |   135 |     9 ||   253

Table legend: (Time is in decaauts)
 A = Elapsed time spent in this place.
 B = Non-inter-level travel time spent in this place.
 C = Inter-level travel time spent in this place.
 D = Time resting spent in this place.
 E = Time spent auto-exploring this place.
 F = Levels seen in this place.
 G = Mean time per level.
                   A        B        C        D        E       F      G
               +--------+--------+--------+--------+--------+-----+--------+
         Total |   8135 |   7950 |    185 |    236 |   4579 |  11 |  739.5 |
       Dungeon |   7011 |   6826 |    185 |    193 |   4214 |   8 |  876.4 |
        Temple |    230 |    230 |      0 |      0 |    179 |   1 |  230.0 |
         Sewer |    554 |    554 |      0 |      0 |    160 |   1 |  554.0 |
       Ossuary |    339 |    339 |      0 |     43 |     25 |   1 |  339.0 |
               +--------+--------+--------+--------+--------+-----+--------+

Top non-repeatable levels by time:
     D:6: 1226 daAuts
     D:5: 1061 daAuts
     D:3: 1054 daAuts
     D:7: 887 daAuts
     D:4: 868 daAuts
     D:1: 695 daAuts
     D:8: 668 daAuts
   Sewer: 554 daAuts
     D:2: 550 daAuts
 Ossuary: 339 daAuts
  Temple: 230 daAuts
